 Dungeon Crawl Stone Soup version 0.30-a0-916-g9813417 (webtiles) character file.

Game seed: 2402139978353252271

1624139 Radamante the Slayer (level 26, 284/284 HPs)
             Began as a Minotaur Fighter on Apr 3, 2023.
             Was the Champion of the Shining One.
             Escaped with the Orb
             ... and 3 runes on Apr 6, 2023!
             The game lasted 08:59:21 (73014 turns).

Radamante the Slayer (Minotaur Fighter)            Turns: 73014, Time: 08:59:22

Health: 284/284    AC: 27    Str: 25    XL:     26   Next: 28%
Magic:  10/10      EV: 28    Int:  5    God:    the Shining One [******]
Gold:   8207       SH: 23    Dex: 22    Spells: 25/25 levels left

rFire   + + .      SeeInvis +    b - +7 sling of Tumult {antimagic, *Corrode Dex+4 Stlth+}
rCold   + + +      Faith    .    R - +5 kite shield {rC+ rF+}
rNeg    + + +      Spirit   .    p - +4 acid dragon scales "Xodug" {Will+++ rCorr Int+3 Stlth-}
rPois   .          Reflect  .    T - +2 hat {SInv}
rElec   +          Rampage  .    g - +0 cloak of the Trees {rF++ Regen+ rCorr Stlth-}
rCorr   +          NoCast   +    z - +1 pair of gloves "Dockoit" {-Cast Fly rElec rC+}
Will    +++++      Rage     50%  J - +2 pair of boots
Stlth   +                        C - necklace of Bloodlust {Fury *Rage Will++ Int-3 Slay+6}
HPRegen 1.47/turn                X - ring of Attitude {Ice +Blink Will- Dex+6 Slay+5}
MPRegen 0.12/turn                y - ring of the Growing Traitor {rElec rF- AC+4 Str-2 Slay+5}

@: flying, glowing, studying 2 skills
A: horns 2, retaliatory headbutt, deformed body, fire resistance 1, low MP 1,
robust 1, weak 2, inability to read after injury 1
0: Orb of Zot
}: 3/15 runes: decaying, serpentine, silver
a: Renounce Religion, Evoke Blink, Divine Shield, Cleansing Flame, Summon Divine
Warrior, Brand Weapon With Holy Wrath


You escaped.
You worshipped the Shining One.
The Shining One was exalted by your worship.
You visited 10 branches of the dungeon, and saw 48 of its levels.
You visited the Abyss 1 time.
You visited 1 bazaar.
You also visited: Sewer, Ossuary, Gauntlet and Ice Cave.

You collected 12402 gold pieces.
You spent 4195 gold pieces at shops.

Inventory:

Hand Weapons
 a - the +9 hand axe "Nyosi" {spect, rPois Str+4 Stlth+}
   (You found it on level 3 of the Depths)

   Str:       It affects your strength (+4).
   rPois:     It protects you from poison.
   Stlth:     It makes you more stealthy.
 b - the +7 sling of Tumult (weapon) {antimagic, *Corrode Dex+4 Stlth+}
   (You found it on level 14 of the Dungeon)

   Dex:       It affects your dexterity (+4).
   *Corrode:  It may corrode you when you take damage.
   Stlth:     It makes you more stealthy.
 s - the +2 war axe of Guilt {holy, Int+3}
   (You found it in a Gauntlet)

   Int:       It affects your intelligence (+3).
 w - the +6 hand axe "Vost" {freeze, *Slow rPois rN++ Int-3}
   (You found it on level 1 of the Swamp)

   Int:       It affects your intelligence (-3).
   rPois:     It protects you from poison.
   rN:        It greatly protects you from negative energy.
   *Slow:     It may slow you when you take damage.
 A - a +9 broad axe of flaming
Missiles
 f - 2 silver boomerangs
 u - 28 curare-tipped darts
 E - 6 boomerangs of dispersal
 I - 43 poisoned darts
 L - 16 atropa-tipped darts
 O - 11 silver javelins
Armour
 d - the +5 pair of gloves "Ciod" {rElec rCorr Int+3}
   (You acquired it on level 4 of the Vaults)

   Int:       It affects your intelligence (+3).
   rElec:     It insulates you from electricity.
   rCorr:     It protects you from acid and corrosion.
 g - the +0 cloak of the Trees (worn) {rF++ Regen+ rCorr Stlth-}
   (You acquired it on level 2 of the Dungeon)

   rF:        It greatly protects you from fire.
   Regen:     It increases your rate of health regeneration.
   rCorr:     It protects you from acid and corrosion.
   Stlth:     It makes you less stealthy.
 p - the +4 acid dragon scales "Xodug" (worn) {Will+++ rCorr Int+3 Stlth-}
   (You took it off a minotaur in a Gauntlet)

   Int:       It affects your intelligence (+3).
   rCorr:     It protects you from acid and corrosion.
   Will:      It greatly increases your willpower.
   Stlth:     It makes you less stealthy.
 z - the +1 pair of gloves "Dockoit" (worn) {-Cast Fly rElec rC+}
   (You acquired it in a sewer)

   rC:        It protects you from cold.
   rElec:     It insulates you from electricity.
   Fly:       It grants you flight.
   -Cast:     It prevents spellcasting.
 J - a +2 pair of boots (worn)
 R - a +5 kite shield of resistance (worn)
 T - a +2 hat of see invisible (worn)
Jewellery
 h - a ring of protection from fire
 y - the ring of the Growing Traitor (right hand) {rElec rF- AC+4 Str-2 Slay+5}
   (You bought it in a shop on level 4 of the Dungeon)

   [ring of protection]

   AC:        It affects your AC (+4).
   Str:       It affects your strength (-2).
   Slay:      It affects your accuracy & damage with ranged weapons and melee
   (+5).
   rF:        It makes you vulnerable to fire.
   rElec:     It insulates you from electricity.
 C - the necklace of Bloodlust (around neck) {Fury *Rage Will++ Int-3 Slay+6}
   (You took it off a deep elf high priest on level 3 of the Elven Halls)

   [amulet of nothing]

   Fury:      It extends the wearer's berserk rage when killing foes.
   Int:       It affects your intelligence (-3).
   Slay:      It affects your accuracy & damage with ranged weapons and melee
   (+6).
   *Rage:     It berserks you when you make melee attacks (+50% chance).
   Will:      It greatly increases your willpower.
 D - a +4 ring of slaying
 Q - an amulet of faith
 X - the ring of Attitude (left hand) {Ice +Blink Will- Dex+6 Slay+5}
   (You took it off Josephina on level 4 of the Realm of Zot)

   [ring of ice]

   It enhances your ice magic.
   Dex:       It affects your dexterity (+6).
   Slay:      It affects your accuracy & damage with ranged weapons and melee
   (+5).
   rF:        It makes you vulnerable to fire.
   rC:        It protects you from cold.
   +Blink:    It lets you blink.
   Will:      It decreases your willpower.
Wands
 t - a wand of roots (50)
 F - a wand of mindburst (49)
 H - a wand of light (14)
 U - a wand of flame (79)
 Z - a wand of charming (24)
Scrolls
 e - 5 scrolls of silence
 j - 18 scrolls of teleportation
 q - 13 scrolls of poison
 v - 9 scrolls of butterflies
 x - 14 scrolls of fog
 K - 6 scrolls of blinking
 M - 7 scrolls of immolation
 S - 9 scrolls of fear
 W - 5 scrolls of magic mapping
Potions
 c - 4 potions of mutation
 i - 21 potions of curing
 l - a potion of berserk rage
 m - 6 potions of cancellation
 n - 17 potions of heal wounds
 o - 12 potions of lignification
 r - 7 potions of resistance
 B - 7 potions of haste
 N - 8 potions of attraction
 V - 5 potions of might
 Y - a potion of ambrosia
Miscellaneous
 k - a box of beasts
 G - a phantom mirror
 P - a condenser vane


   Skills:
 + Level 25.4 Fighting
 + Level 18.2(18.4) Axes
 - Level 4.8(14.6) Maces & Flails
 + Level 11.5(12.0) Staves
 + Level 18.6 Ranged Weapons
 + Level 10.4 Throwing
 * Level 20.2 Armour
 * Level 21.0 Dodging
 * Level 14.4 Stealth
 + Level 23.9 Shields
 * Level 16.2 Invocations
 * Level 7.6 Evocations


You had 25 spell levels left.
You didn't know any spells.
Your spell library contained the following spells:

 Spells                   Type           Power      Damage    Failure   Level
 Apportation              Tloc           0%         N/A       56%         1
 Beastly Appendage        Tmut           0%         N/A       56%         1
 Foxfire                  Conj/Fire      0%         2x1d4     56%         1
 Freeze                   Ice            0%         1d3       56%         1
 Magic Dart               Conj           0%         1d3       56%         1
 Necrotise                Necr           0%         1d4       56%         1
 Shock                    Conj/Air       0%         1d3       56%         1
 Summon Small Mammal      Summ           0%         N/A       56%         1
 Blink                    Tloc           0%         N/A       71%         2
 Call Imp                 Summ           0%         N/A       71%         2
 Cigotuvi's Dreadful Rot  Necr/Pois/Air  0%         N/A       71%         2
 Ensorcelled Hibernation  Hex/Ice        0%         N/A       71%         2
 Lesser Beckoning         Tloc           0%         N/A       71%         2
 Momentum Strike          Conj/Tloc      0%         3d8       71%         2
 Passwall                 Tmut/Erth      0%         N/A       71%         2
 Poisonous Vapours        Pois/Air       0%         N/A       71%         2
 Scorch                   Fire           0%         2d5       71%         2
 Static Discharge         Conj/Air       0%         2-2/arc   71%         2
 Sublimation of Blood     Necr           0%         N/A       71%         2
 Wereblood                Tmut           0%         N/A       71%         2
 Frozen Ramparts          Ice            0%         1d1       90%         3
 Gell's Gravitas          Tloc           0%         N/A       90%         3
 Ignite Poison            Fire/Tmut/Pois 0%         N/A       90%         3
 Kindle Blastsparks       Fire/Tloc/Air  0%         2d10      90%         3
 Mephitic Cloud           Conj/Pois/Air  0%         N/A       90%         3
 Ozocubu's Armour         Ice            0%         N/A       90%         3
 Portal Projectile        Hex/Tloc       0%         N/A       90%         3
 Spider Form              Tmut/Pois      0%         N/A       90%         3
 Stone Arrow              Conj/Erth      0%         3d7       90%         3
 Swiftness                Air            0%         N/A       90%         3
 Teleport Other           Tloc           0%         N/A       90%         3
 Tukima's Dance           Hex            0%         N/A       90%         3
 Vhi's Electric Charge    Tloc/Air       0%         N/A       90%         3
 Airstrike                Air            0%         2d(0-16)  100%        4
 Animate Armour           Summ/Erth      0%         N/A       100%        4
 Flame Wave               Conj/Fire      0%         2d4       100%        4
 Fulminant Prism          Conj/Hex       0%         3d5       100%        4
 Ice Form                 Ice/Tmut       0%         N/A       100%        4
 Iskenderun's Mystic Bla  Conj/Tloc      0%         2d3       100%        4
 Manifold Assault         Tloc           0%         N/A       100%        4
 Passage of Golubria      Tloc           0%         N/A       100%        4
 Petrify                  Tmut/Erth      0%         N/A       100%        4
 Sticky Flame             Conj/Fire      0%         2d3       100%        4
 Summon Ice Beast         Ice/Summ       0%         N/A       100%        4
 Summon Lightning Spire   Summ/Air       0%         N/A       100%        4
 Arcjolt                  Conj/Air       0%         1d10      100%        5
 Blade Hands              Tmut           0%         N/A       100%        5
 Fireball                 Conj/Fire      0%         3d3       100%        5
 Freezing Cloud           Conj/Ice/Air   0%         6-21      100%        5
 Irradiate                Conj/Tmut      0%         3d11      100%        5
 Iskenderun's Battlesphe  Conj           0%         2d6       100%        5
 Lee's Rapid Deconstruct  Erth           0%         3d4*      100%        5
 Metabolic Englaciation   Hex/Ice        0%         N/A       100%        5
 Plasma Beam              Fire/Air       0%         2x1d11    100%        5
 Silence                  Hex/Air        0%         N/A       100%        5
 Summon Forest            Summ/Tloc      0%         N/A       100%        5
 Summon Mana Viper        Hex/Summ       0%         N/A       100%        5
 Yara's Violent Unravell  Hex/Tmut       0%         3d3       100%        5
 Eringya's Noxious Bog    Tmut/Pois      0%         N/A       100%        6
 Iron Shot                Conj/Erth      0%         9d1       100%        6
 Simulacrum               Ice/Necr       0%         N/A       100%        6
 Starburst                Conj/Fire      0%         6d3       100%        6
 Statue Form              Tmut/Erth      0%         N/A       100%        6
 Summon Cactus Giant      Summ           0%         N/A       100%        6
 Dragon Form              Tmut           0%         N/A       100%        7
 Monstrous Menagerie      Summ           0%         N/A       100%        7
 Ozocubu's Refrigeration  Ice            0%         4d7       100%        7
 Spellforged Servitor     Conj/Summ      0%         N/A       100%        7
 Storm Form               Tmut/Air       0%         N/A       100%        7
 Summon Hydra             Summ           0%         N/A       100%        7
 Ignition                 Fire           0%         3d3       100%        8
 Lehudib's Crystal Spear  Conj/Erth      0%         10d2      100%        8
 Maxwell's Capacitive Co  Air            0%         ∞         100%        8


Dungeon Overview and Level Annotations

Branches:
Dungeon (15/15)            Temple (0/1) D:5            Lair (5/5) D:11
  Swamp (4/4) Lair:2        Snake (4/4) Lair:2        Slime (1/5) Lair:5
    Orc (2/2) D:10            Elf (3/3) Orc:2        Vaults (5/5) D:14
  Crypt (0/3) Vaults:2     Depths (4/4) D:15            Zot (5/5) Depths:4
  Sewer (visited)         Ossuary (visited)           IceCv (visited)
Gauntlet (visited)

Altars:
Ashenzari
Cheibriados
Dithmenos
Elyvilon
Fedhas
Hepliaklqana
Kikubaaqudgha
Makhleb
Okawaru
Trog
Uskayaw
Wu Jian
Xom
Yredelemnul
The Shining One

Shops:
D:2 ?   D:4 *   D:10 *([   D:14 !   D:15 *   Orc:2 ?*(?   Elf:1 :[*:   Elf:3 *
Snake:1 (   Snake:2 (   Vaults:3 ?   Vaults:4 ?*?[   Zot:3 *

Portals:
Hell: Depths:1 Depths:2 Depths:3 Depths:4
Abyss: Depths:1 Depths:3
Pandemonium: Depths:1 Depths:2
Ziggurat: Depths:4

Annotations:
D:8 1 runed translucent door


Innate Abilities, Weirdness & Mutations

You have a pair of horns on your head.
You reflexively headbutt those who attack you in melee.
Armour fits poorly on your strangely shaped body.
Your flesh is heat resistant. (rF+)
Your magical capacity is low. (-10% MP)
You are robust. (+10% HP)
You are very weak. (Str -4)
You occasionally lose the ability to read scrolls when taking damage.


Message History

The hell hound attacks as you move away!
You block the hell hound's attack.
The hell hound attacks as you move away!
You block the hell hound's attack.
The hell hound attacks as you move away!
The hell hound completely misses you. The hell hound breathes flames at you.
The blast of flame hits the hell hound.
The hell hound completely resists.
The blast of flame hits you but does no damage.
You resist. You block the hell hound's attack.
The hell hound completely misses you.
The hell hound attacks as you move away!
You block the hell hound's attack.
You shoot a sling bullet.
The sling bullet closely misses the hell hound.
The sling bullet hits the hell hound!!
You kill the hell hound!
The Shining One accepts your kill. The hell hound breathes flames at you.
The blast of flame hits you. You resist.
You shoot a sling bullet. The sling bullet hits the hell hound!!
The hell hound is severely wounded.
You block the hell hound's attack.
You shoot a sling bullet. The sling bullet hits the hell hound!
You kill the hell hound!
The Shining One accepts your kill.
You feel better.
You shoot a sling bullet. The sling bullet hits the hell hound!!!
You kill the hell hound!
The Shining One accepts your kill.
No target in view!
No target in view!
No target in view!
There is a staircase leading out of the dungeon here.
Unknown command.
Unknown command.
Unknown command.
There is a staircase leading out of the dungeon here.
You can't go down here!
You have escaped!

##....#.## ####.#
#..#....[# #.##.#
....#....# #.##.#
#...#....# ##.##.#
#...#....# #...#.##
#...#....### #...#..#
#...#......# ##...##.#
....[...##.###.....#.#
##########......@....#
# #####.....### ####
##...## ...# #...#
...# #...# ...# ##.##
...# #.# ...# #.# ...#
###


There were no monsters in sight!

Vanquished Creatures
  Tiamat (Zot:3)
  3 orbs of fire
  2 dread liches (Zot:5)
  3 ancient liches
  2 juggernauts (Depths:3)
  Josephina (Zot:4)
  10 Killer Klowns (Zot:5)
  Vashnia (Snake:4)
  Xtahua (Vaults:3)
  A pandemonium lord (Zot:5)
  A caustic shrike (Depths:2)
  A curse toe (Zot:3)
  11 golden dragons
  Nikola (Vaults:1)
  4 bone dragons
  3 electric golems
  2 Tzitzimimeh
  Mlioglotl (Snake:1)
  Zenata (Elf:2)
  A Hell Sentinel (D:10)
  12 tentacled monstrosities
  6 liches
  2 deep elf blademasters
  31 Orb Guardians
  2 titans
  An Ice Fiend (Zot:5)
  2 deep elf master archers (Elf:3)
  A kraken (Swamp:1)
  A walking divine tome (Depths:2)
  Asterion (Vaults:2)
  6 quicksilver dragons
  6 sphinxes
  A tentacled starspawn (Abyss:3)
  10 death cobs
  Agnes (D:15)
  An ancient champion (Vaults:2)
  6 shadow dragons
  7 tengu reavers
  Kirke (D:13)
  A thorn hunter (Swamp:2)
  A revenant (Abyss:3)
  5 draconian monks
  14 storm dragons
  7 nagarajas
  Roxanne (Swamp:3)
  3 fenstrider witches (Swamp:3)
  3 draconian knights
  15 frost giants
  2 iron dragons
  An azure jelly (Lair:5)
  17 fire giants
  3 ghost moths
  5 deep elf sorcerers
  14 vault wardens
  9 draconian scorchers
  Louise (Swamp:4)
  2 orc warlords
  Aizul (Snake:2)
  26 ironbound preservers
  7 draconian stormcallers
  4 deep elf elementalists
  A quicksilver ooze (Slime:1)
  A spriggan defender (Depths:2)
  A cacodemon (Gauntlet)
  2 quicksilver oozes (shapeshifter)
  6 draconian annihilators
  2 demonspawn blood saints (D:10)
  10 green draconians
  3 draconian shifters
  12 very ugly things
  A vampire knight (Depths:2)
  12 ironbound thunderhulks
  3 deep elf demonologists
  22 stone giants
  4 eleionomae
  5 war gargoyles
  A lorocyproca (Depths:3)
  7 deep elf annihilators
  18 red draconians
  8 dire elephants
  Azrael (Orc:2)
  4 bunyips
  9 black draconians
  11 white draconians
  A minotaur (Gauntlet)
  5 yellow draconians
  7 purple draconians
  3 spark wasps (Depths:2)
  Snorg (Lair:3)
  A green death (Gauntlet)
  21 ettins
  2 blizzard demons (D:10)
  10 deep elf death magi
  2 crystal guardians
  A jiangshi (Vaults:2)
  11 yaktaur captains
  A fire dragon (shapeshifter) (Vaults:5)
  11 fire dragons
  A shambling mangrove (Swamp:4)
  9 deep elf high priests
  Fannar (Lair:2)
  8 great orbs of eyes
  2 salamander tyrants
  31 vault guards
  3 entropy weavers
  3 rakshasas
  5 peacekeepers
  9 ice dragons
  A spriggan air mage (Depths:4)
  2 ghost crabs
  A hell beast (Depths:2)
  17 hydras
  2 death knights
  9 ironbound frosthearts
  10 anacondas
  8 alligators
  30 dancing weapons
  4 death yaks (IceCv)
  15 naga warriors
  11 centaur warriors
  5 two-headed ogres
  4 boulder beetles
  A satyr (shapeshifter) (Vaults:5)
  8 deep troll earth magi
  7 tengu warriors
  A vampire mage (Depths:1)
  11 deep troll shamans
  5 spriggan berserkers
  A hell hog (Depths:2)
  3 thrashing horrors (Abyss:3)
  11 naga sharpshooters
  12 hell knights
  14 shock serpents
  5 orc high priests (Orc:2)
  A soul eater (Depths:2)
  33 deep elf knights
  A shock serpent (shapeshifter) (Vaults:5)
  Sonja (Lair:3)
  10 skeletal warriors
  A skyshark (Lair:5)
  19 spriggans
  5 salamander mystics
  A shadow wraith (Vaults:5)
  5 iron trolls
  2 wretched stars (Abyss:3)
  2 quicksilver dragon simulacra
  5 goliath frogs
  60 deep trolls
  5 large abominations (Abyss:3)
  2 glowing orange brains
  A death drake (Abyss:3)
  A shadow dragon zombie (Depths:2)
  12 swamp dragons
  10 wizards
  A flayed ghost (Depths:3)
  12 deep elf archers
  7 naga ritualists
  6 spriggan druids
  24 deep elf pyromancers
  16 ironbound convokers
  7 phantasmal warriors
  2 bog bodies
  A wolf spider zombie (D:15)
  12 mana vipers
  8 necromancers
  12 lindwurms
  33 deep elf zephyrmancers
  A lindwurm (shapeshifter) (Vaults:4)
  A mana viper (shapeshifter) (Vaults:3)
  A tengu skeleton (Depths:2)
  13 orc knights
  2 shining eyes (Slime:1)
  4 orc sorcerers
  32 ugly things
  A frost giant zombie (Vaults:5)
  A manticore (D:12)
  8 will-o-the-wisps
  10 salamanders
  19 moths of wrath
  17 vault sentinels
  An oklob plant (D:11)
  A cyclops (D:14)
  A centaur zombie (D:15)
  18 guardian serpents
  27 black mambas
  16 elephants
  A guardian serpent (shapeshifter) (Vaults:4)
  Maurice (Orc:2)
  A fire giant skeleton (Depths:2)
  3 smoke demons (Abyss:3)
  5 torpor snails (Lair:5)
  4 gargoyles
  13 cane toads
  2 ice statues
  13 naga magi
  A demonic crawler (Depths:2)
  2 centaur skeletons (D:15)
  A yaktaur zombie (Vaults:3)
  Maggie (D:8)
  2 unseen horrors (D:13)
  18 rime drakes
  A kobold demonologist (D:11)
  6 komodo dragons
  2 efreet
  17 yaktaurs
  An elf zombie (Vaults:4)
  3 tengu conjurers
  3 freezing wraiths
  A tormentor (Abyss:3)
  6 trolls
  6 meliai
  A bloated husk (Swamp:4)
  5 polar bears
  3 yaktaur skeletons
  A queen bee (shapeshifter) (D:13)
  25 hornets
  15 tyrant leeches
  11 blink frogs
  7 raiju (Abyss:3)
  A raiju (shapeshifter) (Elf:3)
  A slime creature (shapeshifter) (Vaults:5)
  2 vampires
  35 slime creatures
  6 air elementals
  A human simulacrum (Vaults:3)
  2 shadows
  3 wyverns
  50 yaks
  A culicivora (Vaults:4)
  A fire elemental (Orc:2)
  5 water elementals
  A golden eye (Lair:5)
  A neqoxec (Abyss:3)
  A basilisk (D:14)
  6 starcursed masses
  A spectral komodo dragon (Lair:2)
  10 redbacks
  18 vampire mosquitoes
  5 hogs (D:13)
  5 steam dragons
  A purple draconian simulacrum (Zot:4)
  A glowing shapeshifter zombie (Vaults:4)
  2 wargs (Orc:2)
  17 swamp worms
  A spectral cane toad (Lair:2)
  5 acid dragons
  52 nagas
  9 hell hounds
  14 water moccasins
  2 floating eyes
  2 ogre skeletons
  34 orc warriors
  A sky beast (D:6)
  4 black bears
  8 swamp drakes
  An ice beast (D:8)
  10 centaurs
  3 ogres (Orc:2)
  20 wolves
  A phantom (D:5)
  4 kobold brigands
  A human zombie (Vaults:5)
  5 bullfrogs
  3 earth elementals
  2 spectral water moccasins (Lair:2)
  4 small abominations (Abyss:3)
  7 scorpions
  3 wights (D:6)
  16 killer bees
  3 howler monkeys
  3 electric eels
  Crazy Yiuf (D:5)
  9 hounds
  8 jellies
  28 orc priests
  11 iguanas
  20 orc wizards
  A sleepcap (D:5)
  10 mummies
  11 adders
  4 river rats
  4 shadow imps
  3 white imps
  An ufetubus (D:7)
  5 worms
  2 dart slugs
  89 orcs
  11 ball pythons
  4 bats
  2 bat zombies (D:3)
  12 endoplasms
  3 giant cockroaches
  3 gnoll zombies (Ossuary)
  8 goblins
  5 hobgoblins
  7 jackals (D:2)
  3 frilled lizards
  18 kobolds
  4 kobold zombies (Ossuary)
  An orc zombie (Ossuary)
  5 rats
  A rat zombie (D:3)
  2 lurking horrors (Abyss:3)
  2 starspawn tentacles (Abyss:3)
  4 tentacles (Swamp:1)
2153 creatures vanquished.

Vanquished Creatures (collateral kills)
  A draconian monk (Zot:1)
  2 nagarajas (Snake:4)
  A draconian knight (Zot:1)
  A stone giant (Vaults:5)
  A black draconian (Zot:1)
  A yellow draconian (Zot:1)
  A white draconian (Zot:1)
  A yaktaur captain (Vaults:5)
9 creatures vanquished.

Vanquished Creatures (others)
  An eldritch tentacle (Zot:5)
  An ironbound preserver (Vaults:1)
  A blizzard demon (Depths:4)
  A shambling mangrove (Swamp:4)
  A deep elf pyromancer (Elf:3)
  A black mamba (shapeshifter) (Elf:2)
  2 bloated husks
  A water elemental (Elf:2)
  A fire elemental (Elf:3)
  A black draconian simulacrum (Zot:4)
  A yellow draconian simulacrum (Zot:4)
  An orc warrior (Vaults:5)
  A starcursed mass (Abyss:3)
  An orc (Vaults:5)
  4 demonic plants (Gauntlet)
  41 foxfires
  31 fungi
  3 pillars of salt (Vaults:1)
  46 plants
  3 starspawn tentacles (Abyss:3)
  A tentacle (Swamp:1)
144 creatures vanquished.

Grand Total: 2306 creatures vanquished

Notes
Turn   | Place    | Note
-------+----------+-------------------------------------------
     0 | D:1      | Radamante the Minotaur Fighter began the quest for the Orb.
     0 | D:1      | Reached XP level 1. HP: 19/19 MP: 0/0
    72 | D:1      | Reached XP level 2. HP: 26/27 MP: 1/1
   237 | D:1      | Reached skill level 4 in Fighting
   911 | D:2      | Reached XP level 3. HP: 33/33 MP: 2/2
  1216 | D:2      | Found The Oracle's Delphic Readings.
  1223 | D:2      | Bought a scroll of identify for 26 gold pieces
  1223 | D:2      | Bought a scroll of identify for 26 gold pieces
  1224 | D:2      | Identified a scroll of acquirement
  1225 | D:2      | Acquired the +0 cloak of the Trees {rF++ Regen+ rCorr
                  | Stlth-}
  1704 | D:3      | Reached skill level 1 in Dodging
  1704 | D:3      | Reached XP level 4. HP: 32/41 MP: 3/3
  1736 | D:3      | Found a bloodstained altar of Trog.
  1819 | D:3      | Found a faded altar of an unknown god.
  1875 | D:3      | Found a transporter.
  1879 | D:3      | Found a transporter.
  1944 | D:3      | Found a glowing golden altar of the Shining One.
  1963 | D:3      | Became a worshipper of the Shining One
  2002 | D:3      | Found an ancient bone altar of Kikubaaqudgha.
  2027 | D:3      | Reached XP level 5. HP: 41/47 MP: 4/4
  2444 | D:4      | Found a hide-covered altar of Uskayaw.
  2565 | D:4      | Found Poagiym's Practical Paraphernalia.
  2646 | D:4      | Reached skill level 5 in Axes
  2646 | D:4      | Reached XP level 6. HP: 53/53 MP: 5/5
  2798 | D:4      | Found a glowing drain.
  2802 | Sewer    | Entered a sewer
  2817 | Sewer    | Reached skill level 5 in Armour
  2988 | Sewer    | Reached skill level 5 in Fighting
  2988 | Sewer    | Reached XP level 7. HP: 49/61 MP: 6/6
  3007 | Sewer    | Acquired the +1 pair of gloves "Dockoit" {-Cast Fly rElec
                  | rC+}
  3014 | Sewer    | Acquired 801 gold pieces
  3015 | Sewer    | Acquired 1153 gold pieces
  3347 | D:4      | Bought the ring of the Growing Traitor {rElec rF- AC+4
                  | Str-2 Slay+5} for 598 gold pieces
  3383 | D:4      | Found a shimmering altar of Xom.
  3399 | D:4      | Reached * piety under the Shining One
  3797 | D:5      | Entered Level 5 of the Dungeon
  3893 | D:5      | Found a staircase to the Ecumenical Temple.
  4032 | D:5      | Reached skill level 5 in Shields
  4182 | D:5      | Reached XP level 8. HP: 63/70 MP: 5/7
  4376 | D:5      | Found a runed translucent door.
  4377 | D:5      | Noticed Crazy Yiuf
  4529 | D:5      | Reached skill level 6 in Fighting
  4924 | D:6      | Reached skill level 1 in Stealth
  5008 | D:6      | Found an ornate altar of the Wu Jian Council.
  5111 | D:6      | Reached ** piety under the Shining One
  5297 | D:6      | Found a snail-covered altar of Cheibriados.
  5502 | D:6      | Reached XP level 9. HP: 78/78 MP: 8/8
  5559 | D:6      | Found a basalt altar of Yredelemnul.
  5738 | D:7      | Reached skill level 7 in Fighting
  5795 | D:7      | Reached skill level 10 in Axes
  5844 | D:7      | Noticed a gargoyle
  5852 | D:7      | Reached skill level 1 in Throwing
  5857 | D:7      | Killed a gargoyle
  6535 | D:8      | Identified the amulet of the Sun {Acrobat -Tele Fragile
                  | rC+++ Str+5}
  6537 | D:8      | Found a runed translucent gate.
  6538 | D:8      | Found the +9 staff of Olgreb {rPois∞}
  6539 | D:8      | Found a runed translucent gate.
  6545 | D:8      | Found a runed translucent door.
  6674 | D:8      | Reached XP level 10. HP: 88/88 MP: 6/9
  6678 | D:8      | Reached skill level 8 in Fighting
  6713 | D:8      | Found a sand-covered staircase.
  6716 | D:8      | Reached *** piety under the Shining One
  6720 | Ossuary  | Entered an ossuary
  6757 | Ossuary  | Reached **** piety under the Shining One
  6864 | Ossuary  | Acquired a manual of Shields
  6916 | D:8      | Noticed Maggie
  6918 | D:8      | Paralysed by a hornet for 2 turns
  6927 | D:8      | Killed Maggie
  6957 | D:8      | Found a runed translucent gate.
  7258 | D:8      | Found a runed translucent door.
  7565 | D:9      | Reached skill level 9 in Fighting
  7770 | D:9      | Found a burning altar of Makhleb.
  7771 | D:9      | Noticed a green death
  7886 | D:9      | Got Wukheew's Guide on Blasting and Firn
  7911 | D:10     | Entered Level 10 of the Dungeon
  7949 | D:10     | Reached XP level 11. HP: 91/97 MP: 7/10
  8011 | D:10     | Found a white marble altar of Elyvilon.
  8011 | D:10     | Found a broken altar of Ashenzari.
  8017 | D:10     | Found a blossoming altar of Fedhas.
  8024 | D:10     | Found Etova's Armour Shop.
  8035 | D:10     | Found a staircase to the Orcish Mines.
  8040 | D:10     | Found Maphagamah's Weapon Shop.
  8074 | D:10     | Identified the +2 rapier "Kuntenamn" {freeze, +Blink}
  8112 | D:10     | Found a hazy altar of Hepliaklqana.
  8128 | D:10     | Found Huedepp Rama's Gadget Gallery.
  8222 | D:10     | Found a shadowy altar of Dithmenos.
  8246 | D:10     | Noticed a two-headed ogre
  8252 | D:10     | Killed a two-headed ogre
  8253 | D:10     | Reached skill level 5 in Dodging
  8509 | D:11     | Noticed a sun demon
  8592 | D:11     | Reached skill level 1 in Invocations
  8739 | D:11     | Noticed a two-headed ogre
  8766 | D:11     | Killed a two-headed ogre
  8928 | D:11     | Found a staircase to the Lair.
  8928 | D:11     | Noticed an oklob plant
  8934 | D:11     | Killed an oklob plant
  9016 | D:11     | Found an iron altar of Okawaru.
  9106 | Lair:1   | Entered Level 1 of the Lair of Beasts
  9246 | Lair:1   | Reached ***** piety under the Shining One
  9254 | Lair:1   | Reached skill level 10 in Fighting
  9486 | Lair:1   | Reached skill level 5 in Throwing
 10275 | Lair:2   | Found a staircase to the Snake Pit.
 10305 | Lair:2   | Reached skill level 10 in Shields
 10305 | Lair:2   | Reached XP level 12. HP: 93/108 MP: 11/14
 10822 | Lair:2   | Found a staircase to the Swamp.
 10822 | Lair:2   | Noticed a ghost crab
 10843 | Lair:2   | Killed a ghost crab
 10844 | Lair:2   | Reached skill level 1 in Evocations
 10924 | Lair:3   | Reached skill level 11 in Fighting
 10925 | Lair:3   | Noticed Fannar
 10926 | Lair:3   | Noticed Sonja
 10948 | Lair:2   | Killed Fannar
 10964 | Lair:3   | Killed Sonja
 11116 | Lair:3   | Reached skill level 5 in Invocations
 11291 | Lair:3   | Found a gate leading to a gauntlet.
 11303 | Gauntlet | Entered a Gauntlet
 11303 | Gauntlet | Found a large runed translucent door.
 11303 | Gauntlet | Found a large runed translucent door.
 11303 | Gauntlet | Found a large runed translucent door.
 11303 | Gauntlet | Found a large runed translucent door.
 11303 | Gauntlet | Found a large runed translucent door.
 11303 | Gauntlet | Found a large runed translucent door.
 11303 | Gauntlet | Found a runed translucent door.
 11303 | Gauntlet | Found a transporter.
 11303 | Gauntlet | Found a transporter.
 11303 | Gauntlet | Found a runed translucent door.
 11303 | Gauntlet | Found a large runed translucent door.
 11303 | Gauntlet | Found a large runed translucent door.
 11303 | Gauntlet | Found a large runed translucent door.
 11303 | Gauntlet | Found a large runed translucent door.
 11303 | Gauntlet | Found a large runed translucent door.
 11303 | Gauntlet | Found a large runed translucent door.
 11307 | Gauntlet | Found a transporter.
 11307 | Gauntlet | Found a transporter.
 11308 | Gauntlet | Found a large runed translucent door.
 11308 | Gauntlet | Found a large runed translucent door.
 11308 | Gauntlet | Found a large runed translucent door.
 11308 | Gauntlet | Found a large runed translucent door.
 11316 | Gauntlet | Noticed a green death
 11317 | Gauntlet | Found a transporter.
 11327 | Gauntlet | Found a transporter.
 11327 | Gauntlet | Found a transporter.
 11327 | Gauntlet | Noticed a cacodemon
 11334 | Gauntlet | Noticed a hell hog
 11355 | Gauntlet | Found a transporter.
 11358 | Gauntlet | Found a transporter.
 11370 | Gauntlet | Found a transporter.
 11400 | Gauntlet | Found a runed translucent gate.
 11400 | Gauntlet | Found a runed translucent gate.
 11400 | Gauntlet | Found a runed translucent gate.
 11402 | Gauntlet | Found a transporter.
 11442 | Gauntlet | Found a transporter.
 11458 | Gauntlet | Found a transporter.
 11547 | Gauntlet | Found a transporter.
 11557 | Gauntlet | Found a transporter.
 11564 | Gauntlet | Noticed a dire elephant
 11573 | Gauntlet | Found a transporter.
 11691 | Gauntlet | Reached skill level 12 in Fighting
 11730 | Gauntlet | Killed a green death
 11776 | Gauntlet | Gained mutation: You are frail. (-10% HP) [a cacodemon]
 11780 | Gauntlet | Gained mutation: You have hidden genetic defects. [a
                  | cacodemon]
 11783 | Gauntlet | Killed a cacodemon
 11821 | Gauntlet | Identified the +4 acid dragon scales "Xodug" {Will+++ rCorr
                  | Int+3 Stlth-}
 11821 | Gauntlet | Noticed a minotaur
 11832 | Gauntlet | Killed a minotaur
 11869 | Gauntlet | Got the Notes on Nonlocality
 11871 | Gauntlet | Identified the +2 war axe of Guilt {holy, Int+3}
 12240 | Lair:3   | Gained mutation: You are vulnerable to cold. (rC-) [hidden
                  | defects]
 12375 | Lair:3   | Noticed Snorg
 12388 | Lair:3   | Killed Snorg
 12389 | Lair:3   | Reached skill level 13 in Fighting
 12389 | Lair:3   | Reached XP level 13. HP: 84/109 MP: 11/16
 13109 | Lair:4   | Gained mutation: You are occasionally teleported next to
                  | monsters. [hidden defects]
 13109 | Lair:4   | Lost mutation: You have hidden genetic defects. [hidden
                  | defects expressed]
 13665 | Lair:5   | Entered Level 5 of the Lair of Beasts
 13743 | Lair:5   | Found a staircase to the Slime Pits.
 13767 | Lair:5   | Reached ****** piety under the Shining One
 13964 | Lair:5   | Found a runed translucent door.
 13965 | Lair:5   | Noticed a fire dragon
 13979 | Lair:5   | Killed a fire dragon
 14178 | Lair:5   | Reached skill level 14 in Fighting
 14343 | Lair:5   | Noticed a fire dragon
 14360 | Lair:5   | Killed a fire dragon
 14411 | Lair:5   | Identified the +2 quarterstaff "Gram" {spect, rN+ Str+2
                  | Int+3}
 14517 | Lair:5   | Reached skill level 15 in Fighting
 14524 | Lair:5   | Reached skill level 15 in Shields
 14633 | Lair:5   | Reached XP level 14. HP: 115/121 MP: 17/19
 15606 | Orc:1    | Entered Level 1 of the Orcish Mines
 15660 | Orc:1    | Found a bloodstained altar of Trog.
 15796 | Orc:2    | Entered Level 2 of the Orcish Mines
 15802 | Orc:2    | Noticed Azrael
 15802 | Orc:2    | Noticed Maurice
 15810 | Orc:2    | Killed Maurice
 15815 | Orc:2    | Killed Azrael
 16011 | Orc:2    | Reached skill level 16 in Fighting
 16400 | Orc:2    | Found a staircase to the Elven Halls.
 16696 | Orc:2    | Found Hiasoe's Weapon Emporium.
 16696 | Orc:2    | Found Ofuelusock's Magic Scroll Emporium.
 16697 | Orc:2    | Found Dedghuv's Magic Scroll Emporium.
 16697 | Orc:2    | Found Kiduur's Assorted Antiques.
 16705 | Orc:2    | Bought a scroll of identify for 26 gold pieces
 16705 | Orc:2    | Bought a scroll of identify for 26 gold pieces
 16705 | Orc:2    | Bought a scroll of teleportation for 39 gold pieces
 16705 | Orc:2    | Bought a scroll of identify for 26 gold pieces
 16705 | Orc:2    | Bought a scroll of identify for 26 gold pieces
 16718 | Orc:2    | Bought a scroll of identify for 28 gold pieces
 16718 | Orc:2    | Bought a scroll of identify for 28 gold pieces
 16718 | Orc:2    | Bought a scroll of identify for 28 gold pieces
 16718 | Orc:2    | Bought a scroll of identify for 28 gold pieces
 17162 | D:12     | Found a frozen archway.
 17177 | IceCv    | Entered an ice cave
 17182 | IceCv    | Reached skill level 1 in Staves
 17401 | IceCv    | Noticed a frost giant
 17418 | IceCv    | Killed a frost giant
 17482 | IceCv    | Reached skill level 17 in Fighting
 18593 | D:13     | Reached XP level 15. HP: 133/133 MP: 21/21
 18679 | D:13     | Noticed Kirke
 18692 | D:13     | Killed Kirke
 18693 | D:13     | Reached skill level 5 in Staves
 18935 | D:14     | Found Fiakuedd's Distillery.
 18990 | D:14     | Identified the +7 sling of Tumult {antimagic, *Corrode
                  | Dex+4 Stlth+}
 19045 | D:14     | Bought a potion of heal wounds for 65 gold pieces
 19045 | D:14     | Bought a potion of curing for 39 gold pieces
 19045 | D:14     | Bought a potion of heal wounds for 65 gold pieces
 19045 | D:14     | Bought a potion of cancellation for 104 gold pieces
 19045 | D:14     | Bought a potion of heal wounds for 65 gold pieces
 19045 | D:14     | Bought 2 potions of curing for 78 gold pieces
 19057 | D:14     | Reached skill level 18 in Fighting
 19206 | D:13     | Reached skill level 1 in Ranged Weapons
 19206 | D:13     | Reached skill level 10 in Invocations
 19294 | D:14     | Found a gate to the Vaults.
 19745 | D:15     | Entered Level 15 of the Dungeon
 19834 | D:15     | Found a glowing golden altar of the Shining One.
 19934 | D:15     | Found Rudexidgh's General Store.
 19942 | D:15     | Bought a scroll of enchant weapon for 105 gold pieces
 20124 | D:15     | Noticed Agnes
 20144 | D:15     | Killed Agnes
 20443 | D:15     | Reached skill level 10 in Dodging
 20445 | D:15     | Reached skill level 5 in Stealth
 20830 | D:15     | Found a staircase to the Depths.
 20847 | D:15     | Reached skill level 5 in Ranged Weapons
 21038 | Swamp:1  | Entered Level 1 of the Swamp
 21388 | D:12     | Lost mutation: You are frail. (-10% HP) [potion of
                  | mutation]
 21388 | D:12     | Lost mutation: You are vulnerable to cold. (rC-) [potion of
                  | mutation]
 21388 | D:12     | Lost mutation: You are occasionally teleported next to
                  | monsters. [potion of mutation]
 21388 | D:12     | Gained mutation: You have sharp toenails. [potion of
                  | mutation]
 21388 | D:12     | Gained mutation: Your magical capacity is low. (-10% MP)
                  | [potion of mutation]
 21388 | D:12     | Gained mutation: You are dopey. (Int -2) [potion of
                  | mutation]
 21701 | Swamp:1  | Reached XP level 16. HP: 137/159 MP: 17/20
 21953 | Swamp:1  | Noticed a kraken
 21962 | Swamp:1  | Killed a kraken
 21974 | Swamp:1  | Identified the +6 hand axe "Vost" {freeze, *Slow rPois rN++
                  | Int-3}
 22124 | Swamp:2  | Reached skill level 10 in Armour
 22572 | Swamp:2  | Noticed a thorn hunter
 22598 | Swamp:2  | Killed a thorn hunter
 22786 | Swamp:3  | Identified Roxanne's Volume of the Shapeshifter
 22786 | Swamp:3  | Noticed Roxanne
 22810 | Swamp:3  | Killed Roxanne
 23203 | Swamp:3  | Found a runed translucent door.
 23841 | Swamp:4  | Entered Level 4 of the Swamp
 24077 | Swamp:4  | Noticed Louise
 24140 | Swamp:4  | Killed Louise
 24449 | Swamp:4  | Reached skill level 15 in Axes
 24502 | Swamp:4  | Reached skill level 19 in Fighting
 24524 | Swamp:4  | Reached XP level 17. HP: 140/168 MP: 11/21
 24782 | Swamp:4  | Got a decaying rune of Zot
 25158 | Snake:1  | Entered Level 1 of the Snake Pit
 25457 | Snake:1  | Found Xikomm's Antique Weapon Boutique.
 25462 | Snake:1  | Noticed Mlioglotl
 25474 | Snake:1  | Killed Mlioglotl
 26259 | Snake:2  | Noticed Aizul
 26273 | Snake:2  | Killed Aizul
 27152 | Snake:2  | Found Lalid's Weapon Shop.
 27575 | Snake:3  | Reached skill level 10 in Ranged Weapons
 27748 | Snake:3  | Reached skill level 10 in Staves
 28918 | Snake:4  | Entered Level 4 of the Snake Pit
 29093 | Snake:4  | Reached XP level 18. HP: 48/176 MP: 3/23
 30986 | Snake:4  | Noticed Vashnia
 31200 | Snake:4  | Killed Vashnia
 31959 | Snake:4  | Got a serpentine rune of Zot
 32534 | Elf:1    | Entered Level 1 of the Elven Halls
 32693 | Elf:1    | Paralysed by an air elemental for 1 turns
 32761 | Elf:1    | Found Erangigg's Book Shop.
 32988 | Elf:1    | Found Nudibb's Armour Shoppe.
 32990 | Elf:1    | Found Cafenano's General Store.
 32993 | Elf:1    | Found Nipis's Book Shoppe.
 33350 | Elf:1    | Identified the +0 troll leather armour of Masochism {Regen+
                  | MP+9}
 33504 | Elf:1    | Found a runed translucent gate.
 33504 | Elf:1    | Found a runed translucent gate.
 33504 | Elf:1    | Found a runed translucent gate.
 33504 | Elf:1    | Found a runed translucent gate.
 33504 | Elf:1    | Found a runed translucent gate.
 33506 | Elf:1    | Found a runed translucent gate.
 33544 | Elf:1    | Paralysed by an air elemental for 1 turns
 33772 | Elf:2    | Paralysed by an air elemental for 1 turns
 33779 | Elf:1    | Paralysed by an air elemental for 1 turns
 34299 | Elf:2    | Reached XP level 19. HP: 184/184 MP: 8/24
 34336 | Elf:2    | Found a runed translucent gate.
 34337 | Elf:2    | Found a runed translucent gate.
 34372 | Elf:2    | Found a runed translucent gate.
 34405 | Elf:2    | Reached skill level 20 in Fighting
 34673 | Elf:2    | Noticed Zenata
 35465 | Depths:1 | Entered Level 1 of the Depths
 35686 | Depths:1 | You are sucked into a shaft and drop 1 floor!
 35820 | Depths:2 | Paralysed by a floating eye for 2 turns
 36397 | Depths:1 | Found a gateway to Hell.
 36869 | Depths:1 | Found a one-way gate leading to the halls of Pandemonium.
 36914 | Depths:1 | Found a broken altar of Ashenzari.
 37035 | Depths:1 | Found a one-way gate to the infinite horrors of the Abyss.
 37749 | Depths:1 | Identified the +1 pair of gloves "Cosch" {Str+5}
 37998 | Depths:2 | Identified the +4 mace of Cheese {spect, MP+9 Str+6}
 38031 | Depths:2 | Reached skill level 10 in Stealth
 38690 | Depths:2 | Reached skill level 5 in Evocations
 38928 | Depths:2 | Reached skill level 1 in Maces & Flails
 39433 | Depths:2 | Reached XP level 20. HP: 163/195 MP: 20/25
 40297 | Depths:2 | Noticed a caustic shrike
 40302 | Depths:2 | Killed a caustic shrike
 41052 | Depths:4 | Entered Level 4 of the Depths
 41244 | Depths:3 | Identified the +9 hand axe "Nyosi" {spect, rPois Str+4
                  | Stlth+}
 41409 | Depths:3 | Noticed a golden dragon
 41428 | Depths:2 | Killed a golden dragon
 41577 | Depths:3 | Reached skill level 21 in Fighting
 41723 | Depths:3 | Noticed a golden dragon
 41738 | Depths:3 | Killed a golden dragon
 41739 | Depths:3 | Noticed a juggernaut
 41753 | Depths:3 | Killed a juggernaut
 41875 | Depths:3 | Noticed a golden dragon
 41961 | Depths:3 | Killed a golden dragon
 42948 | Depths:4 | Noticed a golden dragon
 43097 | Depths:4 | Killed a golden dragon
 43120 | Depths:4 | Found a gate to the Realm of Zot.
 43120 | Depths:4 | Noticed a bone dragon
 43141 | Depths:4 | Killed a bone dragon
 43153 | Depths:4 | Noticed a bone dragon
 43185 | Depths:4 | Killed a bone dragon
 43793 | Depths:4 | Reached XP level 21. HP: 205/205 MP: 26/26
 43831 | Depths:4 | Noticed a juggernaut
 43872 | Depths:3 | Killed a juggernaut
 44661 | Depths:4 | Found a one-way gateway to a ziggurat.
 45128 | Elf:2    | Found an ancient bone altar of Kikubaaqudgha.
 45482 | Abyss:3  | Cast into level 3 of the Abyss (+2 halberd of distortion)
 45820 | Elf:2    | Escaped the Abyss
 45831 | Elf:2    | Killed Zenata
 45915 | Elf:3    | Entered Level 3 of the Elven Halls
 46105 | Elf:3    | Paralysed by an air elemental for 1 turns
 46539 | Elf:3    | Reached skill level 22 in Fighting
 46568 | Elf:3    | Found Esuquuri's General Store.
 46575 | Elf:3    | Bought a scroll of teleportation for 60 gold pieces
 47577 | Elf:3    | Identified the +2 ring mail of Immorality {Harm +Inv rC++
                  | Will-}
 47725 | Elf:3    | Identified the +5 mace "Plog" {venom, rC+ rN+ Dex+2}
 47849 | Elf:3    | Identified the +7 flail of the Tiger {elec, Fragile rCorr
                  | Dex+3}
 48145 | Elf:3    | Identified the +1 war axe of Circularity {freeze, Fragile
                  | rC++ Dex+6}
 48343 | Elf:3    | Identified the staff of conjuration "Notwick" {rF+}
 48357 | Elf:3    | Reached skill level 15 in Ranged Weapons
 48432 | Elf:3    | Found the +3 Mad Mage's Maulers {Infuse+∞ VampMP -Cast}
 48480 | Elf:3    | Identified the +1 war axe of Zerchadgh {flame, Int+4 SInv}
 48782 | Elf:2    | Found an ancient bone altar of Kikubaaqudgha.
 50024 | Elf:1    | Reached XP level 22. HP: 216/216 MP: 8/27
 50353 | D:5      | Killed Crazy Yiuf
 50768 | Slime:1  | Entered Level 1 of the Pits of Slime
 50806 | Slime:1  | Gained mutation: Your magical capacity is very low. (-20%
                  | MP) [a shining eye]
 50958 | Slime:1  | Gained mutation: You occasionally lose the ability to read
                  | scrolls when taking damage. [a shining eye]
 51156 | Lair:5   | Lost mutation: You have sharp toenails. [potion of
                  | mutation]
 51156 | Lair:5   | Lost mutation: You are dopey. (Int -2) [potion of mutation]
 51156 | Lair:5   | Gained mutation: You are robust. (+10% HP) [potion of
                  | mutation]
 51157 | Lair:5   | Lost mutation: You occasionally lose the ability to read
                  | scrolls when taking damage. [potion of mutation]
 51157 | Lair:5   | Lost mutation: Your magical capacity is very low. (-20% MP)
                  | [potion of mutation]
 51157 | Lair:5   | Gained mutation: You are vulnerable to heat. (rF-) [potion
                  | of mutation]
 51157 | Lair:5   | Gained mutation: You are partially covered in iridescent
                  | scales. (AC +2) [potion of mutation]
 51157 | Lair:5   | Gained mutation: You occasionally lose the ability to read
                  | scrolls when taking damage. [potion of mutation]
 51157 | Lair:5   | Gained mutation: You are mostly covered in iridescent
                  | scales. (AC +4) [potion of mutation]
 51270 | Swamp:2  | Lost mutation: Your magical capacity is low. (-10% MP)
                  | [potion of mutation]
 51270 | Swamp:2  | Lost mutation: You are robust. (+10% HP) [potion of
                  | mutation]
 51270 | Swamp:2  | Lost mutation: You are mostly covered in iridescent scales.
                  | (AC +4) [potion of mutation]
 51270 | Swamp:2  | Gained mutation: You have sharp toenails. [potion of
                  | mutation]
 51270 | Swamp:2  | Gained mutation: You are robust. (+10% HP) [potion of
                  | mutation]
 51270 | Swamp:2  | Gained mutation: You have a pair of large horns on your
                  | head. [potion of mutation]
 51270 | Swamp:2  | Gained mutation: You have razor-sharp toenails. [potion of
                  | mutation]
 51512 | D:14     | Lost mutation: You are vulnerable to heat. (rF-) [potion of
                  | mutation]
 51512 | D:14     | Lost mutation: You are partially covered in iridescent
                  | scales. (AC +2) [potion of mutation]
 51512 | D:14     | Lost mutation: You have a pair of large horns on your head.
                  | [potion of mutation]
 51512 | D:14     | Gained mutation: You are weak. (Str -2) [potion of
                  | mutation]
 51518 | D:14     | Lost mutation: You occasionally lose the ability to read
                  | scrolls when taking damage. [potion of mutation]
 51518 | D:14     | Lost mutation: You have razor-sharp toenails. [potion of
                  | mutation]
 51518 | D:14     | Lost mutation: You have sharp toenails. [potion of
                  | mutation]
 51518 | D:14     | Gained mutation: Your flesh is heat resistant. (rF+)
                  | [potion of mutation]
 51518 | D:14     | Gained mutation: You occasionally lose the ability to read
                  | scrolls when taking damage. [potion of mutation]
 51554 | Vaults:1 | Entered Level 1 of the Vaults
 51835 | Vaults:1 | Reached skill level 15 in Dodging
 51980 | Vaults:1 | Noticed Nikola
 52058 | Vaults:1 | Killed Nikola
 52272 | Vaults:1 | Found a flickering gateway to a bazaar.
 52319 | Bazaar   | Entered a bazaar
 52339 | Bazaar   | Found Moisatoe's Distillery.
 52339 | Bazaar   | Found Runudog's Antique Weapon Shoppe.
 52350 | Bazaar   | Bought a potion of haste for 80 gold pieces
 52350 | Bazaar   | Bought a potion of resistance for 80 gold pieces
 52350 | Bazaar   | Bought a potion of haste for 80 gold pieces
 52350 | Bazaar   | Bought a potion of heal wounds for 40 gold pieces
 52350 | Bazaar   | Bought 2 potions of mutation for 128 gold pieces
 52350 | Bazaar   | Bought a potion of mutation for 64 gold pieces
 52350 | Bazaar   | Bought a potion of curing for 24 gold pieces
 52374 | Bazaar   | Found Qeifra's Book Shoppe.
 52390 | Bazaar   | Found Tutuv's Book Emporium.
 52390 | Bazaar   | Found Tilejut's Jewellery Shoppe.
 54222 | Vaults:2 | Identified the +3 kite shield of the Meadowlark {Str+5
                  | Dex+2}
 54222 | Vaults:2 | Noticed Asterion
 54254 | Vaults:2 | Killed Asterion
 54393 | Vaults:2 | Found a staircase to the Crypt.
 54736 | Vaults:2 | Reached skill level 23 in Fighting
 55503 | Vaults:3 | Noticed Xtahua
 55519 | Vaults:3 | Killed Xtahua
 55540 | Vaults:3 | Reached XP level 23. HP: 249/249 MP: 10/32
 55891 | Vaults:3 | Identified the ring of the Hugging Gods {Ice Str+2 Int+2
                  | Slay-6}
 56375 | Vaults:3 | Found Rir Joll's Magic Scroll Emporium.
 56383 | Vaults:3 | Bought a scroll of blinking for 142 gold pieces
 57053 | Vaults:5 | Entered Level 5 of the Vaults
 57180 | Vaults:4 | Found Uwyamoh's Armour Emporium.
 57783 | Vaults:4 | Found Peupip's General Store.
 57801 | Vaults:4 | Bought a wand of roots (3) for 86 gold pieces
 57801 | Vaults:4 | Bought a potion of lignification for 36 gold pieces
 58045 | Vaults:4 | Found Hong's Magic Scroll Emporium.
 58310 | Vaults:4 | Found Mezxe's Magic Scroll Boutique.
 58315 | Vaults:4 | Bought a scroll of acquirement for 780 gold pieces
 58315 | Vaults:4 | Bought a scroll of acquirement for 780 gold pieces
 58319 | Vaults:4 | Acquired a manual of Armour
 58323 | Vaults:4 | Acquired the +5 pair of gloves "Ciod" {rElec rCorr Int+3}
 58328 | Vaults:4 | Bought a scroll of teleportation for 45 gold pieces
 58328 | Vaults:4 | Bought a scroll of butterflies for 60 gold pieces
 58328 | Vaults:4 | Bought a scroll of magic mapping for 112 gold pieces
 58328 | Vaults:4 | Bought a scroll of butterflies for 60 gold pieces
 58328 | Vaults:4 | Bought a scroll of magic mapping for 112 gold pieces
 58473 | Vaults:4 | Reached skill level 15 in Armour
 59656 | Vaults:5 | Noticed an ancient lich
 59760 | Vaults:5 | Killed an ancient lich
 60005 | Vaults:5 | Reached XP level 24. HP: 260/260 MP: 10/32
 60059 | Vaults:5 | Noticed an ancient lich
 60073 | Vaults:5 | Killed an ancient lich
 60101 | Vaults:5 | Reached skill level 24 in Fighting
 60884 | Vaults:5 | Found Rakkowko's Magic Scroll Boutique.
 61004 | Vaults:5 | Got a silver rune of Zot
 61135 | Vaults:5 | Got the Discourse on the Blizzard
 61869 | Zot:1    | Entered Level 1 of the Realm of Zot
 63394 | Zot:2    | Noticed an orb of fire
 63395 | Zot:2    | Gained mutation: You are very weak. (Str -4) [an orb of
                  | fire]
 63396 | Zot:2    | Gained mutation: Your magical capacity is low. (-10% MP)
                  | [an orb of fire]
 63409 | Zot:2    | Killed an orb of fire
 63861 | Zot:2    | Reached skill level 15 in Invocations
 64798 | Zot:4    | Found the +4 dragonskin cloak
 64798 | Zot:4    | Noticed Tiamat
 65695 | Zot:3    | Reached skill level 10 in Throwing
 66283 | Zot:3    | Found Doxtif's Changing Room.
 66403 | Zot:3    | Reached XP level 25. HP: 266/271 MP: 9/29
 66659 | Zot:5    | Entered Level 5 of the Realm of Zot
 66788 | Zot:3    | Killed Tiamat
 68157 | Zot:4    | Identified the ring of Attitude {Ice +Blink Will- Dex+6
                  | Slay+5}
 68157 | Zot:4    | Noticed Josephina
 68207 | Zot:4    | Killed Josephina
 70058 | Zot:5    | Noticed a Killer Klown
 70169 | Zot:5    | Killed a Killer Klown
 70170 | Zot:5    | Reached skill level 25 in Fighting
 70217 | Zot:5    | Noticed a Killer Klown
 70244 | Zot:5    | Killed a Killer Klown
 70287 | Zot:5    | Noticed an orb of fire
 70305 | Zot:5    | Noticed an ancient lich
 70311 | Zot:5    | Killed an orb of fire
 70316 | Zot:5    | Killed an ancient lich
 70428 | Zot:5    | Noticed a Killer Klown
 70434 | Zot:5    | Noticed a dread lich
 70436 | Zot:5    | Killed a Killer Klown
 70558 | Zot:5    | Killed a dread lich
 70608 | Zot:5    | Noticed a Killer Klown
 70624 | Zot:5    | Killed a Killer Klown
 71183 | Zot:5    | Noticed a Killer Klown
 71209 | Zot:5    | Killed a Killer Klown
 71217 | Zot:5    | Noticed a Killer Klown
 71230 | Zot:5    | Killed a Killer Klown
 71288 | Zot:5    | Noticed a Killer Klown
 71369 | Zot:5    | Killed a Killer Klown
 71436 | Zot:5    | Noticed a Killer Klown
 71474 | Zot:5    | Killed a Killer Klown
 71475 | Zot:5    | Reached XP level 26. HP: 279/283 MP: 10/30
 71610 | Zot:5    | Noticed an orb of fire
 71622 | Zot:5    | Killed an orb of fire
 71827 | Zot:5    | Noticed a dread lich
 71842 | Zot:5    | Killed a dread lich
 72135 | Zot:5    | Got the Orb of Zot
 72206 | Zot:5    | Noticed Bualojoxt the pandemonium lord
 72230 | Zot:5    | Noticed Tabban the pandemonium lord
 72234 | Zot:5    | Gained mutation: Armour fits poorly on your strangely
                  | shaped body. [a neqoxec]
 72270 | Zot:5    | Killed Bualojoxt the pandemonium lord
 72539 | Depths:1 | Noticed Yrhaf the pandemonium lord
 73014 | D:$      | Escaped with the Orb!

Illustrated notes

Levels and vault maps discovered:
D:1:      dpeg_arrival_rhombus, layout_basic, minmay_pentomino_z2
D:2:      layout_rooms, grunt_ministairs_7, minivault_25,
          nicolae_nh_oracle_at_delphi
D:3:      gammafunk_wand_slinger, layout_loops_ring,
          mainiacjoe_overflow_chevrons, overflow_temple_1_default,
          lemuel_zombie_altar_kikubaaqudgha,
          dreamdust_ecumenical_altar_hidden_monk_grotto
D:4:      layout_basic, mainiacjoe_overflow_boulevard,
          eat_drink_and_be_merry_uskayaw, gup_sewer_entry_spiral,
          nicolae_alphabet_shops, kennysheep_generic_room_8
D:5:      layout_layer_cave, minmay_temple_entry_poolview,
          hangedman_abyss_or_decor_passed, minmay_between,
          uniq_crazy_yiuf_cottage
D:6:      layout_basic, slow_altar_1, mainiacjoe_overflow_alcove_2,
          mainiacjoe_overflow_24_doors, kennysheep_small_circle
D:7:      layout_basic
D:8:      layout_cave_pools, gup_ossuary_entry_pyramid,
          minmay_guarded_unrand_staff_of_olgreb, uniq_maggie
D:9:      layout_roguey, makhleb_altar_promises_db
D:10:     layout_irregular_city, nicolae_dithmenos_shadow_blocks,
          lemuel_crystal_altar, grunt_temple_overflow_open, orc_david_3,
          nicolae_shop_gadgets
D:11:     layout_long_grid, dpeg_oklobed_lair,
          hellmonk_okawaru_the_only_friend_you_need
D:12:     layout_irregular_city, portal_ice_cave_rime
D:13:     layout_irregular_city, uniq_kirke
D:14:     layout_big_octagon, david_vaults_1, serial_shops, nicolae_shop_stone
D:15:     grunt_enter_depths_magical_seal, layout_stronghold, serial_shops,
          shop, tso_metal_star, uniq_agnes
Lair:1:   layout_cave_pods, infiniplex_staircase_pool, serial_bayou_shore_a,
          lemuel_fruit_tree, serial_bayou_shore_b
Lair:2:   layout_misc_corridors, nicolae_swamp_entry_spooky,
          minmay_snake_entry_guardpost_large
Lair:3:   layout_cave_pods, gauntlet_entry_generic, lemuel_fruit_fields,
          uniq_sonja, uniq_fannar, uniq_snorg
Lair:4:   layout_small_grid, chequers_serial_rivers_micro_e
Lair:5:   wormcave, layout_concentric_octagons, guppyfry_lair_end_dragon,
          nicolae_slime_entry_field_trip
Swamp:1:  layout_falls_marsh, evilmike_swamp_ruin_rubble_1,
          nicolae_swamp_thats_no_hydra
Swamp:2:  layout_basic_swamp, evilmike_swamp_ruin_wall
Swamp:3:  layout_falls_marsh, hangedman_swamp_ruin_wall, swamp_pool5,
          nzn_swamp_weyward_sisters, uniq_roxanne
Swamp:4:  swamp, layout_basic_swamp, swamp_pool3, uniq_louise
Snake:1:  layout_misc_corridors, serial_shops, shop, nicolae_triple_integral,
          uniq_mlioglotl
Snake:2:  layout_gridlike, serial_shops, shop, uniq_aizul
Snake:3:  layout_cave_town, nicolae_coiled_stairwell_down
Snake:4:  snake_hunt, layout_gridlike, grunt_ministairs_10, uniq_vashnia
Slime:1:  layout_caves
Orc:1:    layout_caves, trog_butcher_becter
Orc:2:    st_orc_pillars, layout_caves, nicolae_orc_tapped_out, uniq_azrael,
          uniq_maurice
Elf:1:    layout_geoelf_grid, serial_shops, nicolae_shop_advertising_works
          [nicolae_subvault_shop_adworks], orc_legates, hex_large,
          minmay_shop_star
Elf:2:    elven_hall_of_blades_hangedman_original
          [nicolae_blade_entry_crossed_weapons], layout_onion_city, basic_altar,
          elves_outpost_lemuel, uniq_zenata
Elf:3:    minmay_elf_hall_x, layout_geoelf_castle, serial_shops, shop_fountains,
          minivault_25_ag
Vaults:1: portal_desolation_entry_garden, vaults_room_stairs_pillars,
          v_alt_pattern_5, vaults_dpeg_doors, vaults_room_large_hall,
          nicolae_vaults_hallways_thing, nicolae_vaults_alarming,
          nicolae_vaults_little_ls, vaults_dpeg_spiral, vaults_mumra_hex,
          vaults_room_corners, vaults_room_pool, layout_vaults_ring,
          serial_shops, bzr_entry_water, uniq_nikola
Vaults:2: v_rooms_1, nicolae_vaults_network_quincunx
          [nicolae_vaults_network_quincunx_subvault,
          nicolae_vaults_network_quincunx_subvault,
          nicolae_vaults_network_quincunx_subvault,
          nicolae_vaults_network_quincunx_subvault,
          nicolae_vaults_network_quincunx_subvault], v_misc_30, st_diamondy,
          v_alt_pattern_2, minmay_crypt_entry_simple_sparse, v_alt_pattern_2,
          nicolae_vaults_three_branches, ontoclasm_vaults_twist,
          vaults_dpeg_ring, vaults_room_semicircle, layout_vaults_big_room,
          uniq_asterion
Vaults:3: vaults_mumra_lcd, nicolae_vaults_yaktaur_gun_rack, v_misc_8,
          vaults_room_semicircle, vaults_room_ringed_pool, v_misc_14,
          nicolae_vaults_network_quinsquares
          [nicolae_vaults_network_quincunx_subvault,
          nicolae_vaults_network_quincunx_subvault,
          nicolae_vaults_network_quincunx_subvault,
          nicolae_vaults_network_quincunx_subvault], v_misc_15,
          ontoclasm_vaults_gateway, st_more_cells, layout_vaults_big_cross,
          serial_shops, shop, uniq_xtahua, uniq_margery
Vaults:4: st_lattice, v_misc_4, v_misc_14, v_rooms_6, vaults_room_pool,
          ontoclasm_vaults_hangar, vaults_room_stairs_pillars,
          vaults_dpeg_encased_lava, layout_vaults_omnigrid, serial_shops, shop,
          nicolae_lakefront_shop, shop, shop
Vaults:5
Depths:1: layout_cave_shapes, abyss_entry, pan_entry, chequers_decorated_corner,
          grunt_mini_vestibule, nicolae_ashenzari_skybound
Depths:2: nzn_winding_woodlands_huge [nzn_winding_woodlands_5x15_default,
          nzn_winding_woodlands_5x15_crooked,
          nzn_winding_woodlands_5x15_pockets,
          nzn_winding_woodlands_5x15_concentric,
          nzn_winding_woodlands_5x15_sawtooth,
          nzn_winding_woodlands_5x15_parted, nzn_winding_woodlands_5x15_pool,
          nzn_winding_woodlands_5x15_cabin,
          nzn_winding_woodlands_5x15_split_checker,
          nzn_winding_woodlands_5x15_sidewinder,
          nzn_winding_woodlands_center_lodge,
          nzn_winding_woodlands_center_triple_pond,
          nzn_winding_woodlands_15x15_boxy_spiral], layout_small_grid,
          hell_entry, pan_entry
Depths:3: minmay_the_grid_triangle_9x9_rhombus_full_mashed
          [minmay_the_grid_triangle_9x9_longest,
          minmay_the_grid_triangle_9x9_odd_lines,
          minmay_the_grid_triangle_9x9_dagger,
          minmay_the_grid_triangle_9x9_intruding_spiral,
          minmay_the_grid_triangle_9x9_checkered,
          minmay_the_grid_triangle_9x9_negative_grid,
          minmay_the_grid_triangle_9x9_alien,
          minmay_the_grid_triangle_9x9_prize_top_heavy], layout_basic,
          serial_sigils_hangedman_stare, grunt_hell_entry_dis_grunt,
          abyss_entry_crystal, lemuel_another_geyser
Depths:4: grunt_zot_entry_tricorne, layout_gridville, enter_ziggurat_f,
          hangedman_coc_ice_floe, hangedman_abyss_or_decor_stabs
Zot:1:    lemuel_draconian_sentries_small, layout_misc_corridors,
          grunt_ministairs_13, st_stairs_6
Zot:2:    layout_onion_interference
Zot:3:    layout_gridlike, nicolae_transmutations_shop, grunt_megastairs_1
Zot:4:    layout_twisted_circle, uniq_josephina, uniq_tiamat
Zot:5:    layout_basic

Skill      XL: |  1  2  3  4  5  6  7  8  9 10 11 12 13 14 15 16 17 18 19 20 21 22 23 24 25 26 |
---------------+-------------------------------------------------------------------------------+-----
Armour         | 4 5 6 7 8 9 10 11 13 14 15 18 19 20 | 20.2
Fighting       | 4 5 6 7 9 10 13 15 17 18 19 20 21 22 23 24 25 | 25.4
Axes           | 4 5 7 9 11 13 14 15 17 18 | 18.2
Dodging        | 1 2 3 4 6 7 8 9 10 11 13 14 16 18 20 21 | 21.0
Shields        | 4 5 7 10 12 15 16 17 18 19 20 21 22 23 | 23.9
Stealth        | 1 2 3 4 5 7 8 9 10 11 12 13 14 | 14.4
Throwing       | 4 5 6 7 8 9 10 | 10.4
Invocations    | 4 6 8 9 10 11 12 13 14 15 16 | 16.2
Evocations     | 1 3 5 7 |  7.6
Staves         | 4 6 8 10 11 | 11.5
Ranged Weapons | 5 8 11 13 14 15 16 17 18 | 18.6
Maces & Flails | 2 4 |  4.8

Action                     |  1- 3 |  4- 6 |  7- 9 | 10-12 | 13-15 | 16-18 | 19-21 | 22-24 | 25-27 || total
---------------------------+-------+-------+-------+-------+-------+-------+-------+-------+-------++-------
  Melee: War axe           |    95 |   143 |   172 |    38 |   148 |   117 |   422 |       |       ||  1135
         Headbutt          |    13 |    24 |    44 |   104 |   238 |   215 |   490 |   150 |    35 ||  1313
         Broad axe         |       |       |       |   336 |   649 |   293 |   136 |       |       ||  1414
         Hand axe          |       |       |       |       |       |   291 |   532 |   352 |    75 ||  1250
         Mace              |       |       |       |       |       |       |    79 |       |       ||    79
   Fire: Sling             |       |       |       |       |    45 |  1365 |  1031 |  2184 |  1029 ||  5654
  Throw: Stone             |    30 |       |       |       |       |       |       |       |       ||    30
         Dart              |       |       |    39 |    48 |   146 |       |    29 |       |       ||   262
         Javelin           |       |       |       |       |       |       |    18 |       |       ||    18
 Invoke: Divine Shield     |       |       |       |       |       |     3 |     2 |     5 |     1 ||    11
         Cleansing Flame   |       |       |       |       |       |     3 |       |       |       ||     3
         Summon Divine War |       |       |       |       |       |     1 |       |     2 |     1 ||     4
  Evoke: Wand              |       |       |       |     6 |       |    13 |    18 |     8 |     2 ||    47
         Phantom mirror    |       |       |       |       |       |       |       |       |     1 ||     1
    Use: Scroll            |     3 |     3 |     7 |    13 |    14 |     7 |     7 |     4 |     2 ||    60
         Potion            |       |       |       |     1 |     3 |     2 |     7 |    13 |     1 ||    27
 Armour: Scale mail        |    51 |    53 |    77 |    12 |       |       |       |       |       ||   193
         Acid dragon scale |       |       |       |    83 |   227 |   372 |   328 |   270 |   103 ||  1383
         Steam dragon scal |       |       |       |     1 |       |       |       |       |       ||     1
         Skin              |       |       |       |       |       |       |       |       |     1 ||     1
  Dodge: Dodged            |    48 |    68 |    73 |   212 |   338 |   632 |   534 |   736 |   297 ||  2938
  Block: Buckler           |    26 |    46 |    35 |     2 |       |       |       |       |       ||   109
         Kite shield       |       |       |       |   160 |   688 |  1159 |  1039 |  1165 |   553 ||  4764

Table legend: (Time is in decaauts)
 A = Elapsed time spent in this place.
 B = Non-inter-level travel time spent in this place.
 C = Inter-level travel time spent in this place.
 D = Time resting spent in this place.
 E = Time spent auto-exploring this place.
 F = Levels seen in this place.
 G = Mean time per level.
                   A        B        C        D        E       F      G
               +--------+--------+--------+--------+--------+-----+--------+
         Total |  72148 |  66077 |   6071 |   4547 |  36673 |  54 | 1336.1 |
       Dungeon |  14525 |  12350 |   2175 |    208 |   9434 |  15 |  968.3 |
          Lair |   6172 |   5124 |   1048 |    215 |   3754 |   5 | 1234.4 |
         Swamp |   3849 |   3512 |    337 |    243 |   2126 |   4 |  962.2 |
     Snake Pit |   7081 |   6642 |    439 |    162 |   4789 |   4 | 1770.2 |
    Slime Pits |    189 |    189 |      0 |     79 |     36 |   1 |  189.0 |
  Orcish Mines |   1727 |   1371 |    356 |    171 |    817 |   2 |  863.5 |
   Elven Halls |   6955 |   6620 |    335 |    664 |   3280 |   3 | 2318.3 |
        Vaults |   9806 |   9377 |    429 |   1933 |   4545 |   5 | 1961.2 |
        Depths |   9570 |   9027 |    543 |    815 |   4519 |   4 | 2392.5 |
           Zot |  10137 |   9734 |    403 |     21 |   2238 |   5 | 2027.4 |
         Abyss |    293 |    293 |      0 |     17 |     99 |   1 |  293.0 |
        Bazaar |    106 |    106 |      0 |      0 |     99 |   1 |  106.0 |
         Sewer |    392 |    392 |      0 |      0 |    206 |   1 |  392.0 |
       Ossuary |    162 |    162 |      0 |      0 |    103 |   1 |  162.0 |
      Ice Cave |    540 |    540 |      0 |     10 |    320 |   1 |  540.0 |
      Gauntlet |    637 |    637 |      0 |      6 |    306 |   1 |  637.0 |
               +--------+--------+--------+--------+--------+-----+--------+

Top non-repeatable levels by time:
Depths:2: 3614 daAuts
Vaults:4: 3135 daAuts
   Zot:5: 3027 daAuts
   Zot:3: 2836 daAuts
   Elf:3: 2647 daAuts
 Snake:4: 2575 daAuts
   Elf:1: 2435 daAuts
Depths:4: 2258 daAuts
 Snake:3: 2242 daAuts
Vaults:1: 1956 daAuts
Depths:3: 1925 daAuts
   Elf:2: 1872 daAuts
Vaults:2: 1866 daAuts
Depths:1: 1772 daAuts
Vaults:5: 1567 daAuts
